 Dungeon Crawl Stone Soup version 0.30-a0-626-gd6a5dd7a1f (webtiles) character file.

Game seed: 3673901932255134863

46 KennySheep the Stinger (level 3, -1/26 HPs)
             Began as a Demigod Venom Mage on Jan 12, 2023.
             Slain by an orc priest
             ... wielding a +0 flail
              (5 damage)
             ... on level 2 of the Dungeon.
             The game lasted 00:02:10 (1836 turns).

KennySheep the Stinger (Demigod Venom Mage)         Turns: 1836, Time: 00:02:11

Health: -1/26      AC:  2    Str: 13    XL:     3   Next: 27%
Magic:  1/8        EV: 12    Int: 17    God:
Gold:   57         SH:  0    Dex: 14    Spells: 4/5 levels left

rFire   . . .      SeeInvis .      - Unarmed
rCold   . . .      Faith    .    (no shield)
rNeg    . . .      Spirit   .    a - +0 robe
rPois   .          Reflect  .    (no helmet)
rElec   .          Harm     .    (no cloak)
rCorr   .          Rampage  .    (no gloves)
Will    .....                    (no boots)
Stlth   ++                       i - amulet of the acrobat
HPRegen 0.24/turn                (no ring)
MPRegen 0.11/turn                (no ring)

@: mighty
A: high MP 1, forlorn, divine attributes
a: no special abilities


You were on level 2 of the Dungeon.
You visited 1 branch of the dungeon, and saw 2 of its levels.

You collected 57 gold pieces.

Inventory:

Armour
 a - a +0 robe (worn)
Jewellery
 i - an amulet of the acrobat (around neck)
Scrolls
 c - a scroll of blinking {unknown}
 d - 2 scrolls of teleportation {unknown}
 g - a scroll of enchant armour {unknown}
 h - a scroll of identify {unknown}
Potions
 b - a potion of magic
 f - a potion of lignification {unknown}
 j - a potion of attraction {unknown}


   Skills:
 - Level 1.7 Dodging
 - Level 1.7 Stealth
 + Level 1.9 Unarmed Combat
 - Level 1.7 Spellcasting
 - Level 0.8 Transmutations
 + Level 3.4 Poison Magic


You had 4 spell levels left.
You knew the following spells:

 Your Spells              Type           Power      Damage    Failure   Level
a - Sting                 Tmut/Pois      32%        1d4       9%          1

Your spell library contained the following spells:

 Spells                   Type           Power      Damage    Failure   Level
 Poisonous Vapours        Pois/Air       14%        N/A       14%         2
 Mephitic Cloud           Conj/Pois/Air  5%         N/A       36%         3
 Olgreb's Toxic Radiance  Pois           13%        N/A       43%         4
 Stone Arrow              Conj/Erth      2%         3d7       52%         3
 Tukima's Dance           Hex            1%         N/A       52%         3
 Animate Armour           Summ/Erth      2%         N/A       89%         4
 Passage of Golubria      Tloc           1%         N/A       89%         4
 Yara's Violent Unravell  Hex/Tmut       1%         3d3       99%         5
 Lehudib's Crystal Spear  Conj/Erth      0%         10d2      100%        8


Dungeon Overview and Level Annotations

Branches:
Dungeon (2/15)


Innate Abilities, Weirdness & Mutations

You have an increased reservoir of magic. (+10% MP)
You shall have no god before yourself.
Your divine heritage dramatically boosts your attributes as you level up.


Message History

A kobold comes into view. It is wielding a +0 dagger.
The orc priest looks braver for a moment.
Things that are here:
a +0 short sword; an orc corpse The orc priest looks braver for a moment.
Things that are here:
a +0 trident; a +0 ring mail
Things that are here:
a +0 falchion; a +0 chain mail; an orc corpse You see here a white potion.
j - a white potion It was a potion of might.
You feel very mighty all of a sudden.
The orc throws a boomerang.
The boomerang hits you.
You punch the orc!
You kill the orc!
Items here: ( )) [ †.
Things that are here:
a +0 trident; a +0 ring mail The sting hits the orc priest but does no damage.
The orc priest is poisoned.
The orc priest shouts!
You hear a shout!
The sting hits the orc priest.
The orc priest looks even sicker.
The orc priest is moderately wounded.
The orc priest hits you with a +0 flail.
You completely miss the orc priest.
The orc priest is heavily wounded.
The orc priest mumbles some strange prayers to Beogh against you.
Beogh smites you!
Ouch! That really hurt!
* * * LOW HITPOINT WARNING * * *
The sting hits the orc priest but does no damage.
The orc priest looks even sicker.
The orc priest is heavily wounded.
The orc priest closely misses you.
The sting hits the orc priest.
The orc priest looks as sick as possible!
The orc priest is severely wounded.
The orc priest hits you with a +0 flail.
You die...

##..##.# .# #...##.#
...#.# #..###.# #..#.#
#..# #.# #..#.# #..#
#.#.##..#.# . #..# #.#
....#.######.. #..#
#.####............
#..###.#....o..........
#..........@.).........
#.........#.######.###...
#...........#)# #.#
#######.#####.# #.# ...#
#.######.# #####
#..).....# ########.# #.#
###


You could see an orc priest (extremely poisoned).

Vanquished Creatures
  An adder (D:2)
  A worm (D:2)
  4 orcs (D:2)
  2 ball pythons (D:1)
  4 bats
  3 endoplasms
  A giant cockroach (D:2)
  3 goblins
  4 hobgoblins (D:1)
  3 frilled lizards
  A rat (D:2)
27 creatures vanquished.

Vanquished Creatures (others)
  8 toadstools (D:2)
8 creatures vanquished.

Grand Total: 35 creatures vanquished

Notes
Turn   | Place    | Note
-------+----------+-------------------------------------------
     0 | D:1      | KennySheep the Demigod Venom Mage began the quest for the
                  | Orb.
     0 | D:1      | Reached XP level 1. HP: 14/14 MP: 5/5
   299 | D:1      | Reached skill level 3 in Poison Magic
   325 | D:1      | Reached skill level 1 in Unarmed Combat
   627 | D:1      | Reached XP level 2. HP: 20/20 MP: 1/7
  1709 | D:2      | Reached XP level 3. HP: 26/26 MP: 3/8
  1836 | D:2      | Slain by an orc priest

Illustrated notes

Levels and vault maps discovered:
D:1:      dpeg_arrival_long_road, layout_basic
D:2:      cheibrodos_fertilizer, layout_basic, kennysheep_pointless_box

Skill      XL: |  1 |
---------------+----+-----
Poison Magic   | 3 |  3.4
Unarmed Combat | 1 |  1.9
Dodging        | |  1.7
Stealth        | |  1.7
Spellcasting   | |  1.7
Transmutations | |  0.8

Action                   || total
-------------------------++-------
Melee: Unarmed           ||     5
 Cast: Sting             ||    73
  Use: Potion            ||     1
Armor: Robe              ||     4
Dodge: Dodged            ||    21

Table legend: (Time is in decaauts)
 A = Elapsed time spent in this place.
 B = Non-inter-level travel time spent in this place.
 C = Inter-level travel time spent in this place.
 D = Time resting spent in this place.
 E = Time spent auto-exploring this place.
 F = Levels seen in this place.
 G = Mean time per level.
                   A        B        C        D        E       F      G
               +--------+--------+--------+--------+--------+-----+--------+
         Total |   1835 |   1757 |     78 |     36 |   1495 |   2 |  917.5 |
       Dungeon |   1835 |   1757 |     78 |     36 |   1495 |   2 |  917.5 |
               +--------+--------+--------+--------+--------+-----+--------+

Top non-repeatable levels by time:
     D:1: 1204 daAuts
     D:2: 630 daAuts
